 Dungeon Crawl Stone Soup version 0.17-a0-1719-g1afd5a1 (webtiles) character file.

291838 Grim the Wrestler (level 19, -5/155 HPs)
             Began as a Demonspawn Berserker on Aug 28, 2015.
             Was a High Priest of Trog.
             Killed from afar by a frost giant (21 damage)
             ... with a bolt of cold
             ... on level 1 of the Depths on Aug 29, 2015.
             The game lasted 04:43:19 (55716 turns).

Grim the Wrestler (Demonspawn Berserker)           Turns: 55716, Time: 04:43:19

Health: -5/155     AC: 31    Str: 19    XL:     19   Next: 97%
Magic:  27/27      EV: 16    Int: 10    God:    Trog [*****.]
Gold:   1611       SH:  0    Dex: 15    Spells: 0 memorised, 18 levels left

rFire  + + +     SeeInvis .       - Unarmed
rCold  + . .     Clarity  .     F - +7 fire dragon armour of Vasokley {rF++ rC- Stlth+}
rNeg   . . .     SustAt   .     (no shield)
rPois  .         Gourm    .     (helmet restricted)
rElec  +         Spirit   .     i - +1 cloak {+Inv}
rCorr  +         Warding  .     (gloves unavailable)
rMut   .         Stasis   .     K - +1 pair of boots of Archo {rF+++ rCorr Dex-3}
MR     +++..                    m - amulet of regeneration
Stlth  +.........               x - ring of protection from cold
                                j - +4 ring of protection

@: exhausted, flying, regenerating, slowed, studying Slings, very slow,
extremely resistant to hostile enchantments, very unstealthy
A: claws 3, horns 1, thin metallic scales 3, cold resistance 1, demonic guardian
1, high mp 1, powered by pain 3
a: Burn Spellbooks, Berserk, Trog's Hand, Brothers in Arms, Renounce Religion,
Evoke Invisibility
}: 2/15 runes: serpentine, barnacled


You were on level 1 of the Depths.
You worshipped Trog.
Trog was extremely pleased with you.
You were not hungry.

You visited 6 branches of the dungeon, and saw 36 of its levels.
You also visited: Labyrinth, Ice Cave and Wizlab.

You collected 3421 gold pieces.
You spent 1810 gold pieces at shops.

Inventory:

Missiles
 e - 26 javelins of penetration
 k - 8 exploding tomahawks
 r - 19 javelins of returning
 H - 10 poisoned javelins
 V - 22 tomahawks of returning (quivered)
 W - 3 poisoned tomahawks
 Z - 4 tomahawks of dispersal
Armour
 i - a +1 cloak of invisibility (worn)
 F - the +7 fire dragon armour of Vasokley (worn) {rF++ rC- Stlth+}
   (You bought it in a shop on level 3 of the Orcish Mines)

   It greatly protects you from fire.
   It makes you vulnerable to cold.
   It makes you more stealthy.
 K - the +1 pair of boots of Archo (worn) {rF+++ rCorr Dex-3}
   (You found it on level 4 of the Shoals)

   It affects your dexterity (-3).
   It renders you almost immune to fire.
   It protects you from acid and corrosion.
Jewellery
 j - a +4 ring of protection (left claw)
 m - an amulet of regeneration (around neck)
 v - a +4 ring of strength {unknown}
 x - a ring of protection from cold (right claw)
 C - an uncursed ring of poison resistance
 O - an uncursed amulet of resist corrosion
Magical devices
 a - a wand of invisibility (2)
 L - a wand of fire (7)
 P - a wand of fire (4)
 T - a wand of digging (7)
Scrolls
 c - 5 scrolls of immolation
 f - a scroll of teleportation
 h - a scroll of summoning
 l - 12 scrolls of recharging
 o - 3 scrolls of identify
 y - 4 scrolls of vulnerability
 B - 6 scrolls of enchant armour
 I - 16 scrolls of remove curse
 N - a scroll of fear
 S - 5 scrolls of magic mapping
 U - 6 scrolls of silence
Potions
 g - 2 potions of flight
 q - 2 potions of agility
 s - 3 potions of curing
 w - 2 potions of might
 A - 2 potions of haste
 G - 4 potions of brilliance
 M - 4 potions of resistance
Books
 J - a manual of Slings
 X - a Grand Grimoire

   Spells                             Type                      Level
   a - Monstrous Menagerie            Summoning                    6
   b - Summon Greater Demon           Summoning                    7
   c - Malign Gateway                 Summoning/Translocation      7
   d - Summon Horrible Things         Summoning                    8
   Trog disapproves of the use of such an item.
Miscellaneous
 z - a lamp of fire
 E - a lantern of shadows
 Q - a fan of gales
 R - a sack of spiders
 Y - a box of beasts {used: 1}
Comestibles
 d - 5 slices of pizza
 n - 3 beef jerkies
 p - 5 bread rations
 t - 26 fruits
 u - 3 meat rations
 D - 14 royal jellies


   Skills:
 * Level 15.5 Fighting
 - Level 10.0 Throwing
 - Level 10.6 Armour
 - Level 11.0 Dodging
 + Level 22.4 Unarmed Combat
 - Level 8.4 Evocations


You had 18 spell levels left.
You didn't know any spells.

Dungeon Overview and Level Annotations

Branches:
Dungeon (15/15) Temple (0/1) D:6 Lair (8/8) D:11 Shoals (4/4) Lair:3 Snake (4/4) Lair:3 Orc (4/4) D:10 Elf (0/3) Orc:3 Vaults (0/5) D:12 D:13 Depths (1/5) D:15 Slime: Lair:6-8

Altars:
Ashenzari
Cheibriados
Dithmenos
Elyvilon
Fedhas
Makhleb
Nemelex Xobeh
Ru
Sif Muna
Trog
Vehumet
Xom
Yredelemnul
Zin
Beogh
Jiyva

Shops:
D:11 *   Orc:3 [   Orc:4 }[!=   Shoals:1 %   Snake:2 (   Snake:3 (   Depths:1 (

Portals:
Hell: Depths:1

Annotations:
D:8 exclusion: oklob plant
D:13 Norris
Lair:6 exclusion: 4 oklob plants
Snake:3 Vashnia


Innate Abilities, Weirdness & Mutations

You have claws for hands.
You are completely covered in thin metallic scales (AC +4, rElec).
Your flesh is cold resistant.
A weak demonic guardian rushes to your aid.
You are powered by pain.
You have a pair of small horns on your head.
You have an increased reservoir of magic (+10% MP).


Message History

The white very ugly thing tentacle-slaps you but does no damage.
Things that are here:
a giant spiked club; 2 chunks of flesh Drink which item? (? for menu, Esc to quit)
You feel better.
You are engulfed in roaring flames.
You resist.
* * * LOW HITPOINT WARNING * * *
You feel less invigorated. Something hits you but does no damage.
The frost giant casts a spell at you.
The bolt of cold hits the white very ugly thing.
The white very ugly thing resists.
You hear a sizzling sound!
The quasit closely misses your quasit. The quasit claws your quasit.
The quasit closely misses your quasit. Something hits you but does no damage.
The quasit bites your quasit but does no damage.
The quasit misses your quasit.
The quasit claws your quasit but does no damage.
The frost giant gestures at you while chanting.
The bolt of cold hits the frost giant.
The frost giant resists.
The bolt of cold hits you! You resist.
You die...

#..........######....#####.....
*############****##...# #.....
*,,,,,,,*,,,,,*,,,#...# #.....
*,,,,,,,#,,,,,*,u.#...# #.....
*,,,,,,,#.,,,,*uu,#...# #.....
******+##'#####.,,#...# ###.>.
*,.,#,,.......',,,#...# #.#.
*,).#.,,,..).)#####...# #.#.
*,,.'..****#G(#@§$##### #.##
****#..#####.CCu§§# #.##
*,..#.......({#§5§# ##.#.
*,..'.........#§§5# #....
*,,.#####'#####§§.##########...#
*,,,#8≈≈≈≈≈≈≈8#%..#...........#.
*,,,#≈≈≈≈≈≈≈≈≈#.%.#.##########..
*,>,#≈≈≈≈≈≈≈≈≈#.%.#.# ###
****#........)#####[#


You could see 2 frost giants, a white very ugly thing (inner flame), a quasit
and a friendly quasit.

Vanquished Creatures
  Mara (Shoals:3)
  Saint Roka (Snake:2)
  Nikola (Shoals:3)
  Jorgrun (Shoals:3)
  Rupert (D:13)
  Gastronok (D:10)
  11 greater nagas
  A fire giant (Depths:1)
  Donald (D:13)
  Aizul (Snake:1)
  Louise (Snake:3)
  2 frost giants (Depths:1)
  2 orc warlords (Orc:4)
  6 stone giants (Depths:1)
  3 very ugly things (Depths:1)
  The ghost of max the Protected, a powerful MiBe of Trog (Snake:1)
  Azrael (D:13)
  5 dire elephants (Lair:8)
  8 merfolk javelineers
  A minotaur (Lab)
  Snorg (D:12)
  5 merfolk impalers
  A fire dragon (Depths:1)
  Josephine (D:13)
  2 yaktaur captains
  2 ice dragons (Depths:1)
  3 hydras
  A rakshasa (D:14)
  An entropy weaver (Depths:1)
  A spriggan air mage (Depths:1)
  17 naga warriors
  Erolcha (D:10)
  16 anacondas
  Erica (D:10)
  2 satyrs
  3 centaur warriors
  5 merfolk aquamancers
  2 alligator snapping turtles
  4 merfolk avatars
  4 ogre magi
  A death yak (Lair:8)
  9 naga sharpshooters
  6 orc high priests (Orc:4)
  7 tengu warriors
  A vampire mage (Depths:1)
  9 shock serpents
  The ghost of max the Fighter, an experienced MiBe of Trog (D:7)
  2 fire crabs
  7 salamander mystics
  5 sea snakes
  A flayed ghost (Depths:1)
  5 hell knights (Depths:1)
  An unseen horror (D:13)
  7 hill giants
  10 naga ritualists
  3 ice statues (IceCv)
  4 orc knights
  18 harpies
  3 wizards
  16 mana vipers
  3 necromancers
  3 lindwurms (Snake:4)
  7 orc sorcerers
  12 griffons
  20 ugly things
  11 sirens
  5 water nymphs
  9 manticores
  A centaur zombie (D:15)
  5 cyclopes
  16 fauns
  6 salamanders
  25 naga magi
  39 black mambas
  15 guardian serpents
  A torpor snail (Lair:8)
  Psyche (D:12)
  A spiny frog (shapeshifter) (Depths:1)
  6 gargoyles
  22 elephants
  4 yaktaurs (Depths:1)
  A kobold demonologist (D:14)
  4 fire drakes
  18 spiny frogs
  2 efreet (D:15)
  8 komodo dragons
  6 trolls
  3 wind drakes
  3 tengu conjurers
  32 merfolk
  2 polar bears
  9 two-headed ogres
  5 snapping turtles
  8 slime creatures
  12 water elementals
  17 blink frogs
  A redback (Depths:1)
  3 fire elementals (D:13)
  Sigmund (D:2)
  67 yaks
  3 wraiths (D:13)
  3 shadows
  15 hippogriffs
  4 wyverns
  6 deep elf magi
  16 humans
  2 vampire mosquitoes (D:13)
  2 hungry ghosts
  47 nagas
  29 wolves
  16 porcupines
  9 wargs
  Duvessa (D:5)
  8 water moccasins
  2 eyes of draining
  2 hell hounds (D:13)
  12 ice beasts
  29 ogres
  3 black bears
  59 orc warriors
  2 necrophages
  3 sky beasts
  2 phantoms
  13 centaurs
  2 big kobolds
  21 crocodiles
  20 giant frogs
  An earth elemental (WizLab)
  A wyvern zombie (D:10)
  Dowan (D:5)
  5 scorpions
  5 killer bees (D:14)
  17 wights
  2 electric eels
  4 draconian simulacra (IceCv)
  6 crimson imps
  4 jellies
  29 orc priests
  9 hounds
  5 centaur skeletons
  A giant frog skeleton (D:10)
  10 iguanas
  27 orc wizards
  8 worker ants
  30 sheep
  3 troll simulacra (IceCv)
  A centaur simulacrum (IceCv)
  A naga simulacrum (IceCv)
  2 worker ant zombies
  3 gnolls (D:3)
  56 river rats
  21 adders
  An ogre simulacrum (IceCv)
  3 shadow imps
  10 oozes
  2 adder zombies
  3 adder skeletons
  2 worms
  265 orcs
  7 giant cockroaches
  18 hobgoblins
  3 jackals (D:6)
  17 kobolds
  A ball python (D:1)
  A ball python skeleton (D:4)
  5 bats
  8 giant geckos
  2 giant newts
  16 goblins
  4 quokkas
  A quokka skeleton (D:4)
  9 rats
  7 plants
1621 creatures vanquished.

Vanquished Creatures (collateral kills)
  Ilsuiw (Shoals:3)
  Maud (D:12)
  A stone giant (Depths:1)
  A merfolk impaler (Shoals:1)
  A naga warrior (Snake:2)
  A hydra (Lair:5)
  An ogre mage (Depths:1)
  A satyr (Shoals:4)
  2 merfolk aquamancers (Shoals:4)
  An anaconda (Snake:1)
  7 naga sharpshooters (Snake:2)
  2 salamander mystics
  2 sea snakes
  2 harpies
  A faun (Shoals:4)
  A lindwurm (Snake:4)
  A necromancer (Depths:1)
  2 ugly things (Depths:1)
  2 salamanders (Snake:2)
  A siren (Shoals:3)
  2 naga magi
  2 black mambas
  A merfolk (Shoals:3)
  A slime creature (D:15)
  A wraith (D:13)
  A blink frog (Lair:2)
  A two-headed ogre (D:10)
  A water elemental (Shoals:3)
  2 wolves
  3 yaks
  2 hippogriffs
  A vampire mosquito (D:13)
  A porcupine (Lair:4)
  7 nagas
  A sky beast (D:6)
  A centaur (D:7)
  A giant frog (Lair:2)
  2 orc priests
  Jessica (D:2)
  An adder (D:6)
  An ooze (D:4)
  7 orcs
73 creatures vanquished.

Vanquished Creatures (others)
  A black mamba (Snake:4)
  A wraith (D:13)
  A giant frog (D:15)
  45 fungi
  29 plants
  4 toadstools (D:1)
81 creatures vanquished.

Grand Total: 1775 creatures vanquished

Notes
Turn   | Place    | Note
--------------------------------------------------------------
     0 | D:1      | Grim the Demonspawn Berserker began the quest for the Orb.
     0 | D:1      | Reached XP level 1. HP: 18/18 MP: 1/1
    32 | D:1      | Gained mutation: A weak demonic guardian rushes to your aid. [demonic ancestry]
    32 | D:1      | Reached XP level 2. HP: 10/24 MP: 2/2
   727 | D:1      | Reached XP level 3. HP: 19/29 MP: 3/3
  1210 | D:1      | Reached skill level 4 in Unarmed Combat
  1401 | D:1      | Acquired Trog's second power
  1579 | D:2      | You fall through a shaft for 2 floors!
  1611 | D:4      | Noticed an ogre
  1618 | D:4      | Killed an ogre
  1618 | D:4      | Reached skill level 5 in Unarmed Combat
  1618 | D:4      | Gained mutation: You sometimes gain a little power by taking damage. [demonic ancestry]
  1618 | D:4      | Reached XP level 4. HP: 35/35 MP: 4/4
  1618 | D:4      | Reached XP level 5. HP: 41/41 MP: 5/5
  2116 | D:4      | Reached skill level 6 in Unarmed Combat
  2387 | D:4      | Noticed an ogre
  2407 | D:4      | Killed an ogre
  2407 | D:4      | Reached XP level 6. HP: 47/47 MP: 6/6
  3247 | D:3      | Found a deep blue altar of Sif Muna.
  3251 | D:3      | Found a shattered altar of Ashenzari.
  3264 | D:3      | Found a radiant altar of Vehumet.
  3381 | D:3      | Found a glowing silver altar of Zin.
  3393 | D:3      | Found a snail-covered altar of Cheibriados.
  3779 | D:3      | Reached skill level 7 in Unarmed Combat
  4170 | D:3      | Found a white marble altar of Elyvilon.
  4619 | D:2      | Noticed Sigmund
  4630 | D:2      | Killed Sigmund
  4630 | D:2      | Gained mutation: You are partially covered in thin metallic scales (AC +2). [demonic ancestry]
  4630 | D:2      | Reached XP level 7. HP: 54/54 MP: 7/7
  4966 | D:2      | Noticed Jessica
  4994 | D:2      | Killed Jessica
  5461 | D:5      | Entered Level 5 of the Dungeon
  5623 | D:5      | Reached skill level 5 in Fighting
  6150 | D:5      | Noticed Duvessa
  6150 | D:5      | Noticed Dowan
  6158 | D:5      | Killed Duvessa
  6158 | D:5      | Reached XP level 8. HP: 64/64 MP: 8/8
  6161 | D:5      | Killed Dowan
  6603 | D:6      | Found a shimmering altar of Xom.
  7076 | D:6      | HP: 3/68 [centaur (5)]
  7076 | D:6      | HP: 1/68 [centaur (2)]
  7079 | D:6      | Reached skill level 8 in Fighting
  7084 | D:6      | HP: 1/68 [poisoned by an adder]
  7511 | D:6      | Found a staircase to the Ecumenical Temple.
  7673 | D:6      | Found a basalt altar of Yredelemnul.
  7821 | D:6      | Reached skill level 9 in Fighting
  8016 | D:6      | Acquired Trog's third power
  8374 | D:7      | Reached XP level 9. HP: 57/76 MP: 9/9
  8436 | D:7      | Noticed max's ghost (experienced MiBe)
  8454 | D:7      | Killed max's ghost
  8454 | D:7      | Reached skill level 5 in Armour
  9733 | D:8      | Noticed a red ugly thing
  9753 | D:8      | Killed a red ugly thing
 10852 | D:8      | Found a blossoming altar of Fedhas.
 10882 | D:8      | Noticed an oklob plant
 11155 | D:8      | Found a burning altar of Makhleb.
 11263 | D:8      | Gained mutation: You sometimes gain power by taking damage. [demonic ancestry]
 11263 | D:8      | Reached XP level 10. HP: 78/83 MP: 10/10
 11456 | D:9      | Received a gift from Trog
 11557 | D:9      | Found a shadowy altar of Dithmenos.
 12214 | D:10     | Entered Level 10 of the Dungeon
 12924 | D:10     | Noticed Erolcha
 12959 | D:10     | Killed Erolcha
 12959 | D:10     | Reached skill level 10 in Unarmed Combat
 13119 | D:10     | Noticed a hill giant
 13135 | D:10     | Killed a hill giant
 13298 | D:10     | Noticed Erica
 13329 | D:10     | Killed Erica
 13329 | D:10     | Reached skill level 11 in Unarmed Combat
 13329 | D:10     | Gained mutation: You are mostly covered in thin metallic scales (AC +3). [demonic ancestry]
 13329 | D:10     | Reached XP level 11. HP: 16/89 MP: 11/11
 13869 | D:10     | Noticed a hill giant
 13873 | D:10     | Killed a hill giant
 14100 | D:10     | Noticed Gastronok
 14114 | D:10     | Killed Gastronok
 14114 | D:10     | Reached skill level 12 in Unarmed Combat
 14285 | D:10     | Found a staircase to the Orcish Mines.
 14661 | D:10     | Found a viscous altar of Jiyva.
 14764 | D:11     | Found Sodaoski's Assorted Antiques.
 14977 | D:11     | Found a staircase to the Lair.
 15374 | D:11     | Reached skill level 13 in Unarmed Combat
 16074 | D:11     | Found a roughly hewn altar of Beogh.
 16270 | D:11     | Gained mutation: Armour fits poorly on your strangely shaped body. [potion of mutation]
 16270 | D:11     | Gained mutation: You are resistant to hostile enchantments. [potion of mutation]
 16270 | D:11     | Gained mutation: You possess an exceptional clarity of mind. [potion of mutation]
 16271 | D:11     | Lost mutation: You possess an exceptional clarity of mind. [potion of cure mutation]
 16271 | D:11     | Lost mutation: Armour fits poorly on your strangely shaped body. [potion of cure mutation]
 16271 | D:11     | Lost mutation: You are resistant to hostile enchantments. [potion of cure mutation]
 16465 | Lair:1   | Entered Level 1 of the Lair of Beasts
 16936 | Lair:1   | Received a gift from Trog
 17194 | Lair:1   | Gained mutation: You are completely covered in thin metallic scales (AC +4, rElec). [demonic ancestry]
 17194 | Lair:1   | Reached XP level 12. HP: 39/95 MP: 12/12
 17525 | Lair:1   | Reached skill level 14 in Unarmed Combat
 17698 | Lair:2   | Identified a scroll of acquirement
 17759 | Lair:2   | Found a frozen archway.
 17777 | IceCv    | Entered an ice cave
 18001 | IceCv    | Reached skill level 1 in Throwing
 19133 | IceCv    | Got an amethyst-studded chain mail
 19165 | IceCv    | Identified the +7 chain mail "Ecabb" {rC+ Str+4} (You found it in an ice cave)
 19616 | Lair:2   | Reached skill level 5 in Dodging
 20704 | Lair:3   | Found a staircase to the Shoals.
 21022 | Lair:3   | Received a gift from Trog
 21165 | Lair:3   | Found a staircase to the Snake Pit.
 21339 | Lair:3   | Reached XP level 13. HP: 76/101 MP: 13/13
 22738 | Lair:4   | Reached skill level 10 in Dodging
 23291 | Lair:4   | Received a gift from Trog
 23781 | Lair:5   | Got a transparent flail
 23823 | Lair:5   | Received a gift from Trog
 24243 | Lair:5   | Received a gift from Trog
 24493 | Lair:5   | Received a gift from Trog
 25285 | Lair:6   | Received a gift from Trog
 25530 | Lair:6   | Reached skill level 10 in Fighting
 25985 | Lair:6   | Received a gift from Trog
 26669 | Lair:7   | Found a labyrinth entrance.
 26682 | Lab      | Entered a labyrinth
 26877 | Lab      | Got a transparent ring mail
 26877 | Lab      | Got a twitching jade ring
 26891 | Lair:7   | Identified the +4 ring mail "Potosythrad" {Dex+5 Slay-4} (You found it in a labyrinth)
 27097 | Lair:7   | Identified the ring of the Blue Skies {rF++ MP+9} (You found it in a labyrinth)
 27285 | Lair:7   | Reached skill level 1 in Evocations
 27285 | Lair:7   | Gained mutation: You have sharp fingernails. [demonic ancestry]
 27285 | Lair:7   | Reached XP level 14. HP: 98/113 MP: 14/14
 28233 | Lair:8   | Entered Level 8 of the Lair of Beasts
 28287 | Lair:8   | Received a gift from Trog
 28579 | Lair:8   | Reached skill level 15 in Unarmed Combat
 28618 | Lair:8   | Received a gift from Trog
 28910 | Lair:8   | Reached skill level 5 in Evocations
 30998 | D:12     | Noticed Psyche
 31006 | D:12     | Killed Psyche
 31178 | D:12     | Noticed Snorg
 31192 | D:12     | Killed Snorg
 31192 | D:12     | Reached skill level 16 in Unarmed Combat
 31314 | D:12     | Noticed Maud
 31324 | D:12     | Killed Maud
 31450 | D:12     | Gained mutation: Armour fits poorly on your strangely shaped body. [potion of mutation]
 31450 | D:12     | Gained mutation: You are agile. (Dex +2) [potion of mutation]
 31450 | D:12     | Gained mutation: You are weak. (Str -2) [potion of mutation]
 31453 | D:12     | Lost mutation: Armour fits poorly on your strangely shaped body. [potion of cure mutation]
 31453 | D:12     | Lost mutation: You are weak. (Str -2) [potion of cure mutation]
 31453 | D:12     | Lost mutation: You are agile. (Dex +2) [potion of cure mutation]
 31776 | D:13     | Found a gate to the Vaults.
 31776 | D:13     | Noticed Donald
 31776 | D:13     | Noticed Norris
 31847 | D:13     | Gained mutation: You have very sharp fingernails. [demonic ancestry]
 31847 | D:13     | Reached XP level 15. HP: 119/119 MP: 20/20
 31906 | D:13     | Noticed Josephine
 31932 | D:13     | Killed Josephine
 31940 | D:13     | Received a gift from Trog
 32251 | D:12     | Gained mutation: You have a pair of small horns on your head. [potion of beneficial mutation]
 32252 | D:12     | Gained mutation: You have an increased reservoir of magic (+10% MP). [potion of beneficial mutation]
 32317 | D:13     | Killed Donald
 32473 | D:13     | Noticed Rupert
 32474 | D:13     | Paralysed by Rupert for 7 turns
 32491 | D:13     | Killed Rupert
 32728 | D:13     | Found a bloodstained altar of Trog.
 32868 | D:13     | Noticed Azrael
 32884 | D:13     | Killed Azrael
 32884 | D:13     | Received a gift from Trog
 33376 | D:14     | Reached skill level 17 in Unarmed Combat
 33802 | D:15     | Entered Level 15 of the Dungeon
 33802 | D:15     | Found a sparkling altar of Nemelex Xobeh.
 34404 | D:15     | Received a gift from Trog
 34677 | D:15     | Found a staircase to the Depths.
 35135 | Orc:1    | Entered Level 1 of the Orcish Mines
 35737 | Orc:2    | Received a gift from Trog
 36164 | Orc:3    | Found a staircase to the Elven Halls.
 36164 | Orc:3    | Found Lunely's Armour Emporium.
 36184 | Orc:3    | Bought the +3 pair of gauntlets of War {Slay+5} for 570 gold pieces
 36198 | Orc:3    | Bought the +7 fire dragon armour of Vasokley {rF++ rC- Stlth+} for 1240 gold pieces
 36348 | Orc:4    | Entered Level 4 of the Orcish Mines
 36663 | Orc:4    | Received a gift from Trog
 36673 | Orc:4    | Gained mutation: You have claws for hands. [demonic ancestry]
 36673 | Orc:4    | Reached XP level 16. HP: 78/131 MP: 24/24
 37277 | Orc:4    | Received a gift from Trog
 37342 | Orc:4    | Found Vakor's Antique Armour Boutique.
 37351 | Orc:4    | Found a roughly hewn altar of Beogh.
 37508 | Orc:4    | Reached skill level 10 in Armour
 37544 | Orc:4    | Found Jelice Nemu's Gadget Shop.
 37825 | Orc:4    | Found a roughly hewn altar of Beogh.
 37826 | Orc:4    | Found Gofaegaess's Distillery.
 38027 | Orc:4    | Received a gift from Trog
 38197 | Orc:4    | Found Sicve's Jewellery Shop.
 38246 | Orc:4    | Received a gift from Trog
 39060 | Snake:1  | Entered Level 1 of the Snake Pit
 39367 | Snake:1  | Reached skill level 5 in Throwing
 39502 | Snake:1  | Noticed Aizul
 39513 | Snake:1  | Killed Aizul
 39630 | Snake:1  | Received a gift from Trog
 40043 | Snake:1  | Noticed max's ghost (powerful MiBe)
 40055 | Snake:1  | Received a gift from Trog
 40075 | Snake:1  | Killed max's ghost
 40717 | Snake:2  | Found Tob Ofasef's Antique Weapon Boutique.
 40824 | Snake:2  | Noticed Saint Roka
 40846 | Snake:2  | Killed Saint Roka
 41016 | Snake:2  | Gained mutation: You are powered by pain. [demonic ancestry]
 41016 | Snake:2  | Reached XP level 17. HP: 110/137 MP: 25/25
 41326 | Snake:2  | Received a gift from Trog
 41800 | Snake:2  | Received a gift from Trog
 42003 | Snake:3  | Noticed Louise
 42027 | Snake:3  | Killed Louise
 42150 | Snake:3  | Found Tojaxk Xeumm's Weapon Boutique.
 42362 | Snake:3  | Noticed Vashnia
 42571 | Snake:4  | Entered Level 4 of the Snake Pit
 42604 | Snake:4  | Reached skill level 10 in Throwing
 42912 | Snake:4  | Reached skill level 18 in Unarmed Combat
 43135 | Snake:4  | Found a sacrificial altar of Ru.
 43828 | Snake:4  | Received a gift from Trog
 44098 | Snake:4  | Received a gift from Trog
 45146 | Snake:4  | Reached skill level 19 in Unarmed Combat
 46433 | Snake:4  | Received a gift from Trog
 46465 | Snake:4  | Reached XP level 18. HP: 125/144 MP: 26/26
 47206 | Snake:4  | Reached skill level 20 in Unarmed Combat
 47483 | Snake:4  | Got a serpentine rune of Zot
 47793 | Snake:3  | Received a gift from Trog
 48085 | Shoals:1 | Entered Level 1 of the Shoals
 48176 | Shoals:1 | Found Unian's Food Boutique.
 48230 | Shoals:1 | Received a gift from Trog
 48714 | Shoals:1 | Received a gift from Trog
 49298 | Shoals:2 | Received a gift from Trog
 50116 | Shoals:2 | Reached skill level 21 in Unarmed Combat
 50663 | Shoals:3 | Noticed Mara
 50676 | Shoals:3 | Noticed Jorgrun
 50685 | Shoals:3 | Killed Mara
 50689 | Shoals:3 | Killed Mara
 50697 | Shoals:3 | Killed Jorgrun
 50697 | Shoals:3 | Received a gift from Trog
 50700 | Shoals:3 | Noticed Nikola
 50725 | Shoals:3 | Killed Nikola
 50760 | Shoals:4 | Entered Level 4 of the Shoals
 51114 | Shoals:3 | Noticed Ilsuiw
 51129 | Shoals:3 | Gained mutation: Your flesh is cold resistant. [demonic ancestry]
 51129 | Shoals:3 | Reached XP level 19. HP: 137/150 MP: 27/27
 51135 | Shoals:3 | Killed Ilsuiw
 51449 | Shoals:3 | Received a gift from Trog
 52286 | Shoals:4 | Reached skill level 22 in Unarmed Combat
 52538 | Shoals:4 | Got a pair of translucent boots
 52549 | Shoals:4 | Identified the +1 pair of boots of Archo {rF+++ rCorr Dex-3} (You found it on level 4 of the Shoals)
 53117 | Shoals:4 | Received a gift from Trog
 53252 | Shoals:4 | Got a barnacled rune of Zot
 53559 | Depths:1 | Entered Level 1 of the Depths
 53609 | Depths:1 | Found Ojoxkas's Antique Weapon Shop.
 53616 | Depths:1 | Received a gift from Trog
 53682 | Depths:1 | Found a gateway to Hell.
 53720 | Depths:1 | Found a magical portal.
 53729 | WizLab   | Entered Doroklohe's Tomb
 54772 | Depths:1 | Received a gift from Trog
 55225 | Depths:1 | Reached skill level 15 in Fighting
 55697 | Depths:1 | Paralysed by an ogre mage for 6 turns
 55715 | Depths:1 | HP: 5/155 [white very ugly thing (14)]
 55716 | Depths:1 | Killed from afar by a frost giant

Vault maps used:
D:1:      ldierk_walled_garden_2
D:2:      uniq_jessica, uniq_sigmund
D:3:      elyvilon_altar_4, minmay_overflow_temple_star_quad,
          amethyst_overflow_temple_binary
D:4:      corexii_shack_village, first_bread
D:5:      minmay_crystal_water, serial_park_tiny_2, uniq_duvessa
D:6:      old_standard_altar, xom_confusion_cloud, minmay_temple_entry_hall
D:8:      tgw_fedhas, kennysheep_mini_moat
D:9:      grunt_dithmenos_smoke
D:10:     orc_0_dummy, hangedman_little_slice_of_home, uniq_erolcha, uniq_erica,
          uniq_gastronok
D:11:     david_lair_shrubbed, special_room, serial_shops,
          nicolae_shop_overgrown_old_shop, hangedman_decor_points
D:12:     uniq_maud, uniq_psyche, uniq_snorg
D:13:     david_vaults_3, serial_curves, eino_curves_03, eino_curves_01,
          basic_altar, uniq_azrael, uniq_josephine, uniq_rupert
D:14:     roderic_hopi_sauvastika
D:15:     grunt_enter_depths_snipers, minmay_misc_feat_square, basic_altar
Lair:1:   minivault_11, bh_autumn_forest_stairs, serial_bayou_shore_a
Lair:2:   portal_ice_cave_entry_ice_beasts, beast_lair_carwin_8
Lair:3:   beast_lair_carwin_large_1, minmay_shoals_entry_beasts,
          minmay_snake_entry_guardpost_small
Lair:4:   st_stairs_9, grunt_megastairs_2
Lair:6:   minmay_slime_entry_oklob_enclosed
Lair:7:   lab_entry_generic, grunt_megastairs_3
Lair:8:   due_jungle_book, st_stairs_13, wad_woods_river_01
Shoals:1: serial_shops, shop
Shoals:3: nicolae_shoals_loop_pool, uniq_nikola, uniq_mara, uniq_jorgrun,
          uniq_ilsuiw
Shoals:4: shoals_end_simple, shoals_ilsuiw_alternative
Snake:1:  serial_bayou_pond_d, hangedman_snake_wide_pillar_pass, uniq_aizul
Snake:2:  nicolae_aizul_guard, serial_shops,
          nicolae_shop_temple_entry_statues_fountains, grunt_megastairs_4,
          uniq_saint_roka
Snake:3:  serial_shops, shop, uniq_louise, uniq_vashnia
Snake:4:  snake_pit_salamanders_mu, basic_altar
Orc:2:    special_room
Orc:3:    serial_shops, nicolae_shop_stone, shop, shop, nicolae_orc_pool_cavern,
          uniq_nergalle
Orc:4:    pubby_orc_utopia
Depths:1: kennysheep_water_balloons, hangedman_abyss_or_decor_slice,
          mu_enter_wizlab_6, grunt_hell_entry_dis_mu, serial_shops, shop,
          minmay_misc_feat_encased, kennysheep_nondescript, evilmike_minifort
Lab:      labyrinth_green, nicolae_lab_quarters, lab_block, nicolae_lab_grate
IceCv:    ice_cave_tombish
WizLab:   wizlab_doroklohe

Action                   |  1- 3 |  4- 6 |  7- 9 | 10-12 | 13-15 | 16-18 | 19-21 || total
-------------------------+-------+-------+-------+-------+-------+-------+-------++-------
Melee: Unarmed           |   126 |   229 |   378 |  1052 |  2199 |  1774 |   513 ||  6271
Throw: Stone             |       |     9 |       |    13 |     6 |       |       ||    28
       Tomahawk          |       |       |       |       |       |   142 |    92 ||   234
       Javelin           |       |       |       |       |       |    15 |     1 ||    16
Invok: Berserk           |     4 |     6 |     7 |    11 |    18 |     9 |     4 ||    59
       Trog's Hand       |       |     3 |     4 |     8 |    12 |    15 |     5 ||    47
       Burn Spellbooks   |       |       |       |       |     2 |     1 |     3 ||     6
       Brothers in Arms  |       |       |       |       |       |    18 |     6 ||    24
Evoke: Wand              |       |       |       |       |     4 |     6 |       ||    10
       Box of beasts     |       |       |       |       |       |     1 |       ||     1
  Use: Scroll            |       |     4 |     2 |    19 |    12 |    24 |     2 ||    63
       Potion            |       |     1 |     2 |     3 |    10 |     9 |     5 ||    30
 Stab: Sleeping          |     3 |       |       |       |     1 |     5 |       ||     9
       Distracted        |       |       |     1 |     5 |    15 |    15 |     3 ||    39
       Invisible         |       |       |       |       |     2 |     3 |       ||     5
       Confused          |       |       |       |       |       |     1 |       ||     1
  Eat: Chunk             |     5 |    12 |    20 |    22 |    53 |    21 |     9 ||   142
       Bread ration      |       |     1 |     2 |     2 |     4 |     7 |     2 ||    18
       Meat ration       |       |       |       |     3 |     2 |     5 |     2 ||    12
       Pizza             |       |       |       |       |     1 |     4 |       ||     5
